 Dungeon Crawl Stone Soup version 0.30-a0-389-g8d7d949f56 (webtiles) character file.

Game seed: 8654580464675397607

77 PyroL the Grave Robber (level 4, 0/30 HPs)
             Began as a Demonspawn Necromancer on Dec 3, 2022.
             Slain by Sigmund
             ... wielding a +3 scythe of protection
              (6 damage)
             ... on level 2 of the Dungeon.
             The game lasted 00:03:25 (1577 turns).

PyroL the Grave Robber (Demonspawn Necromancer)     Turns: 1577, Time: 00:03:26

Health: 0/30       AC:  7    Str:  9    XL:     4   Next: 13%
Magic:  8/8        EV: 12    Int: 18    God:
Gold:   52         SH:  0    Dex: 13    Spells: 8/9 levels left

rFire   . . .      SeeInvis .    c - +2 dagger (venom)
rCold   . . .      Faith    .    (no shield)
rNeg    + . .      Spirit   .    k - +2 robe {rN+}
rPois   .          Reflect  .    (no helmet)
rElec   .          Harm     .    (no cloak)
rCorr   +          Rampage  .    (no gloves)
Will    +....                    (no boots)
Stlth   ++........               (no amulet)
HPRegen 0.25/turn                d - ring of resist corrosion
MPRegen 0.11/turn                f - ring of willpower

@: attractive
A: slimy green scales 2, spiny 1
a: no special abilities


You were on level 2 of the Dungeon.
You visited 1 branch of the dungeon, and saw 2 of its levels.

You collected 52 gold pieces.

Inventory:

Hand Weapons
 c - a +2 dagger of venom (weapon)
Armour
 k - a +2 robe of positive energy (worn)
Jewellery
 d - a ring of resist corrosion (left hand)
 f - a ring of willpower (right hand)
Wands
 a - a wand of flame (27)
Scrolls
 h - a scroll of identify {unknown}
 m - 2 scrolls of amnesia
Potions
 b - a potion of magic
 g - a potion of attraction
 i - a potion of degeneration {unknown}
 j - a potion of curing {unknown}
 l - a potion of lignification {unknown}


   Skills:
 - Level 1.7 Dodging
 - Level 1.7 Stealth
 + Level 3.2 Spellcasting
 + Level 5.4 Necromancy


You had 8 spell levels left.
You knew the following spells:

 Your Spells              Type           Power      Damage    Failure   Level
a - Necrotise             Necr           88%        1d8       1%          1

Your spell library contained the following spells:

 Spells                   Type           Power      Damage    Failure   Level
 Vampiric Draining        Necr           22%        2d7       5%          3
 Animate Dead             Necr           22%        N/A       17%         4
 Agony                    Necr           22%        N/A       43%         5


Dungeon Overview and Level Annotations

Branches:
Dungeon (2/15)

Altars:

Annotations:
D:2 Sigmund


Innate Abilities, Weirdness & Mutations

You are mostly covered in slimy green scales. (AC +3)
You are partially covered in sharp spines.


Message History

Sigmund the Dreaded comes into view.
He is wielding a +3 scythe of protection and carrying a wand of light (11).
Sigmund shouts!
There's nothing to open nearby.
Okay, then.
Okay, then.
As you read the scroll labelled YSAOST XATTE, it crumbles to dust.
It is a scroll of amnesia.
Really abort (and waste the scroll)?
Okay, then.
Okay, then.
It was a potion of attraction.
You feel attractive to monsters.
You completely miss Sigmund.
Sigmund zaps a wand.
The bolt of light hits you!
You are confused.
You're too confused to cast spells.
Unknown command.
You're too confused to move!
Sigmund barely misses you.
You hit Sigmund.
Sigmund is lightly wounded.
You bump into the rock wall.
You feel less confused. Sigmund barely misses you.
You hit Sigmund but do no damage.
Sigmund is lightly wounded.
Sigmund is struck by your spines.
Sigmund hits you with a +3 scythe of protection!
* * * LOW HITPOINT WARNING * * *
Okay, then.
Blink to where?
Press: ? - help, Dir - move target
Found 14 gold pieces.
As you read the scroll labelled ZECSEU QAMAI, it crumbles to dust.
It was a scroll of blinking.
Sigmund is attracted toward you. Sigmund is attracted toward you.
Sigmund hits you from afar with a +3 scythe of protection!
* * * LOW HITPOINT WARNING * * *
Sigmund is attracted toward you.
Sigmund hits you from afar with a +3 scythe of protection.
You die...

##.#........##.##
#...........##.## #
##.#..#.....##...
#.##.#........##.##
#.......###..###.##
####.#.####......##
#.............#.##
#.#.##.##.....#...
#@#. #.##.....####
#.# #.##.....# ##
#@##.#.##.....###.
#§.....#########.#
#.###### #.# #§#
#.# #.# ##### ###
##. #.# #.$. ..# ##
#.###.#####.######


You could see Sigmund.

Vanquished Creatures
  Jessica (D:2)
  Robin (D:2)
  A dart slug (D:2)
  3 ball pythons
  2 endoplasms (D:2)
  2 giant cockroaches
  8 goblins
  6 hobgoblins
  3 bats
  2 kobolds
  A rat (D:1)
30 creatures vanquished.

Vanquished Creatures (collateral kills)
  2 goblins (D:2)
  A rat (D:2)
3 creatures vanquished.

Vanquished Creatures (others)
  A plant (D:1)
1 creature vanquished.

Grand Total: 34 creatures vanquished

Notes
Turn   | Place    | Note
-------+----------+-------------------------------------------
     0 | D:1      | PyroL the Demonspawn Necromancer began the quest for the
                  | Orb.
     0 | D:1      | Reached XP level 1. HP: 13/13 MP: 3/3
   218 | D:1      | Gained mutation: You are partially covered in slimy green
                  | scales. (AC +2) [demonic ancestry]
   218 | D:1      | Reached XP level 2. HP: 19/19 MP: 3/5
   819 | D:2      | Noticed Jessica
   837 | D:2      | Killed Jessica
   838 | D:2      | Reached skill level 5 in Necromancy
   838 | D:2      | Gained mutation: You are mostly covered in slimy green
                  | scales. (AC +3) [demonic ancestry]
   838 | D:2      | Reached XP level 3. HP: 5/24 MP: 0/7
  1099 | D:2      | Noticed Robin
  1225 | D:2      | Killed Robin
  1230 | D:2      | Gained mutation: You are partially covered in sharp spines.
                  | [demonic ancestry]
  1230 | D:2      | Reached XP level 4. HP: 30/30 MP: 1/8
  1554 | D:2      | Noticed Sigmund
  1577 | D:2      | Slain by Sigmund

Illustrated notes

Levels and vault maps discovered:
D:1:      eino_arrival_tree_alley, layout_loops_ring,
          chequers_serial_rivers_marsh
D:2:      layout_loops_cross, uniq_sigmund, uniq_robin, uniq_jessica

Skill      XL: |  1  2  3 |
---------------+----------+-----
Necromancy     | 5 |  5.4
Spellcasting   | 3 |  3.2
Dodging        | |  1.7
Stealth        | |  1.7

Action                   |  1- 3 |  4- 6 || total
-------------------------+-------+-------++-------
Melee: Unarmed           |     5 |       ||     5
       Dagger            |    23 |    11 ||    34
 Cast: Necrotise         |    41 |     2 ||    43
  Use: Scroll            |       |     2 ||     2
       Potion            |       |     1 ||     1
 Stab: Sleeping          |     1 |     1 ||     2
Armor: Robe              |    11 |     2 ||    13
Dodge: Dodged            |    26 |     7 ||    33

Table legend: (Time is in decaauts)
 A = Elapsed time spent in this place.
 B = Non-inter-level travel time spent in this place.
 C = Inter-level travel time spent in this place.
 D = Time resting spent in this place.
 E = Time spent auto-exploring this place.
 F = Levels seen in this place.
 G = Mean time per level.
                   A        B        C        D        E       F      G
               +--------+--------+--------+--------+--------+-----+--------+
         Total |   1578 |   1553 |     25 |     67 |   1196 |   2 |  789.0 |
       Dungeon |   1578 |   1553 |     25 |     67 |   1196 |   2 |  789.0 |
               +--------+--------+--------+--------+--------+-----+--------+

Top non-repeatable levels by time:
     D:1: 840 daAuts
     D:2: 737 daAuts
